APL (24 & UNDER)
SAVANNAH HOGS @ EL PASO TEXANS
07/10/2028
 
TOP OF THE 1ST
Savannah Hogs batting - Pitching for El Paso Texans : RHP Fernando Guzmán
Pitching: RHP Fernando Guzmán
Batting: RHB Jorge Garza 0-0: Fly out, F8 (Flyball, 89S)
Batting: RHB Marlon Hernández 0-0: Called Strike
0-1: Ball
1-1: Called Strike
1-2: Ball
2-2: Strikes out swinging
Batting: RHB Henry Haines 0-0: Ball
1-0: Ball
2-0: Ball
3-0: Called Strike
3-1: Base on Balls
Batting: SHB Juan Soriano 0-0: Called Strike
0-1: Ball
1-1: Ball
2-1: Ground out 6-3 (Groundball, 6MS)
Top of the 1st over - 0 run(s), 0 hit(s), 0 error(s), 1 left on base; Savannah 0 - El Paso 0
BOTTOM OF THE 1ST
El Paso Texans batting - Pitching for Savannah Hogs : LHP Ricardo Rosário
Pitching: LHP Ricardo Rosário
Batting: LHB Mark Spencer 0-0: Called Strike
0-1: Foul Ball, location: 2F
0-2: Strikes out looking
Batting: RHB Cole Boehmer 0-0: Ball
1-0: Fly out, F9 (Flyball, 9S)
Batting: RHB Marvin Johnson 0-0: Fly out, F8 (Flyball, 8LD)
Bottom of the 1st over - 0 run(s), 0 hit(s), 0 error(s), 0 left on base; Savannah 0 - El Paso 0
TOP OF THE 2ND
Savannah Hogs batting - Pitching for El Paso Texans : RHP Fernando Guzmán
Batting: RHB Jorge Chávez 0-0: Foul Ball, location: 2F
0-1: Called Strike
0-2: Strikes out swinging
Batting: LHB Marv Gardner 0-0: Ball
1-0: SINGLE (Line Drive, 8RS)
Batting: LHB Miguel Medellín 0-0: Ball
1-0: Fielders Choice at 2nd, 2-6 (Groundball, 2R)
Batting: LHB Guillermo Santos 0-0: Ball
Miguel Medellín is caught stealing 2nd base
Top of the 2nd over - 0 run(s), 1 hit(s), 0 error(s), 0 left on base; Savannah 0 - El Paso 0
BOTTOM OF THE 2ND
El Paso Texans batting - Pitching for Savannah Hogs : LHP Ricardo Rosário
Batting: RHB José Murillo 0-0: Called Strike
0-1: Ball
1-1: Foul Ball, location: 2F
1-2: Strikes out swinging
Batting: LHB John Fitzgerald 0-0: Ball
1-0: SINGLE (Line Drive, 89M)
Batting: RHB Javier Álvarez 0-0: Ball
1-0: Ball
2-0: Called Strike
2-1: Swinging Strike
2-2: Ball
3-2: Fly out, F5 (Popup, 5L)
Batting: RHB Andrew O'Dell 0-0: Ball
1-0: Ball
2-0: Called Strike
2-1: SINGLE (Groundball, 56) (infield hit)
John Fitzgerald to second
Batting: RHB Gabriel Santana 0-0: Ball
1-0: Swinging Strike
1-1: Swinging Strike
1-2: Ground out 5-3 (Groundball, 56)
Bottom of the 2nd over - 0 run(s), 2 hit(s), 0 error(s), 2 left on base; Savannah 0 - El Paso 0
TOP OF THE 3RD
Savannah Hogs batting - Pitching for El Paso Texans : RHP Fernando Guzmán
Batting: LHB Guillermo Santos 0-0: Foul Ball, location: 2F
0-1: Ball
1-1: Swinging Strike
1-2: Ball
2-2: Foul Ball, location: 2F
2-2: Strikes out swinging
Batting: LHB Marv Alexander 0-0: Ball
1-0: Ball
2-0: Foul Ball, location: 2F
2-1: Foul Ball, location: 2F
2-2: Foul Ball, location: 2F
2-2: Ball
3-2: Base on Balls
Batting: RHB Jorge Garza 0-0: Fly out, F9 (Flyball, 9S)
Batting: RHB Marlon Hernández 0-0: Fly out, F5 (Popup, 5L)
Top of the 3rd over - 0 run(s), 0 hit(s), 0 error(s), 1 left on base; Savannah 0 - El Paso 0
BOTTOM OF THE 3RD
El Paso Texans batting - Pitching for Savannah Hogs : LHP Ricardo Rosário
Batting: SHB Miguel Hurtado 0-0: Ball
1-0: Foul Ball, location: 2F
1-1: Foul Ball, location: 2F
1-2: SINGLE (Groundball, 56S) (infield hit)
Batting: LHB Mark Spencer 0-0: Swinging Strike
0-1: Ball
1-1: Foul Ball, location: 2F
1-2: Foul Ball, location: 2F
1-2: Foul Ball, location: 2F
1-2: Strikes out swinging
Batting: RHB Cole Boehmer 0-0: Fly out, F8 (Flyball, 8RS)
Batting: RHB Marvin Johnson 0-0: Called Strike
0-1: Called Strike
0-2: Ball
1-2: Strikes out swinging
Bottom of the 3rd over - 0 run(s), 1 hit(s), 0 error(s), 1 left on base; Savannah 0 - El Paso 0
TOP OF THE 4TH
Savannah Hogs batting - Pitching for El Paso Texans : RHP Fernando Guzmán
Batting: RHB Henry Haines 0-0: Ground out 6-3 (Groundball, 6)
Batting: SHB Juan Soriano 0-0: Called Strike
0-1: Ball
1-1: Ball
2-1: Called Strike
2-2: Strikes out looking
Batting: RHB Jorge Chávez 0-0: Called Strike
0-1: Swinging Strike
0-2: Strikes out looking
Top of the 4th over - 0 run(s), 0 hit(s), 0 error(s), 0 left on base; Savannah 0 - El Paso 0
BOTTOM OF THE 4TH
El Paso Texans batting - Pitching for Savannah Hogs : LHP Ricardo Rosário
Batting: RHB José Murillo 0-0: SINGLE (Line Drive, 8RS)
Batting: LHB John Fitzgerald 0-0: Ball
1-0: Ball
2-0: Foul Ball, location: 2F
2-1: Fielders Choice at 2nd, 5-4 (Groundball, 56)
Batting: RHB Javier Álvarez 0-0: Called Strike
0-1: Swinging Strike
0-2: Strikes out swinging
Batting: RHB Andrew O'Dell 0-0: Called Strike
0-1: Ball
1-1: Ball
2-1: Called Strike
2-2: Fielders Choice at 2nd, 6-4 (Groundball, 6)
Bottom of the 4th over - 0 run(s), 1 hit(s), 0 error(s), 0 left on base; Savannah 0 - El Paso 0
TOP OF THE 5TH
Savannah Hogs batting - Pitching for El Paso Texans : RHP Fernando Guzmán
Batting: LHB Marv Gardner 0-0: Ball
1-0: Foul Ball, location: 2F
1-1: Called Strike
1-2: Ball
2-2: Strikes out swinging
Batting: LHB Miguel Medellín 0-0: Called Strike
0-1: Called Strike
0-2: Foul Ball, location: 2F
0-2: Ball
1-2: Ball
2-2: Foul Ball, location: 2F
2-2: Strikes out looking
Batting: LHB Guillermo Santos 0-0: Ball
1-0: Fly out, F7 (Flyball, 7D)
Top of the 5th over - 0 run(s), 0 hit(s), 0 error(s), 0 left on base; Savannah 0 - El Paso 0
BOTTOM OF THE 5TH
El Paso Texans batting - Pitching for Savannah Hogs : LHP Ricardo Rosário
Batting: RHB Gabriel Santana 0-0: Ball
1-0: Foul Ball, location: 2F
1-1: Foul Ball, location: 2F
1-2: Reached on error, E7 (Flyball, 7S)
Batting: SHB Miguel Hurtado 0-0: Foul Ball, location: 2F
0-1: Ground out 5-3 (Groundball, 56S)
Gabriel Santana to second
Batting: LHB Mark Spencer 0-0: Ball
1-0: Ball
2-0: Called Strike
2-1: Swinging Strike
2-2: Foul Ball, location: 2F
2-2: Ball
3-2: Ground out 4-3 (Groundball, 4)
Gabriel Santana to third
Batting: RHB Cole Boehmer 0-0: Ball
1-0: Foul Ball, location: 2F
1-1: Swinging Strike
1-2: Ball
2-2: Foul Ball, location: 2F
2-2: Ball
3-2: Ground out 5-3 (Groundball, 5)
Bottom of the 5th over - 0 run(s), 0 hit(s), 1 error(s), 1 left on base; Savannah 0 - El Paso 0
TOP OF THE 6TH
Savannah Hogs batting - Pitching for El Paso Texans : RHP Fernando Guzmán
Batting: LHB Marv Alexander 0-0: Foul Ball, location: 2F
0-1: Swinging Strike
0-2: Ball
1-2: Ground out 4-3 (Groundball, 4)
Batting: RHB Jorge Garza 0-0: Ball
1-0: Called Strike
1-1: Called Strike
1-2: Ball
2-2: Ground out 5-3 (Groundball, 56S)
Batting: RHB Marlon Hernández 0-0: TRIPLE (Line Drive, 9LM)
Batting: RHB Henry Haines 0-0: Ball
1-0: SINGLE (Groundball, 34D)
Marlon Hernández scores
Batting: SHB Juan Soriano 0-0: Foul Ball, location: 2F
0-1: Ground out 6-3 (Groundball, 56)
Top of the 6th over - 1 run(s), 2 hit(s), 0 error(s), 1 left on base; Savannah 1 - El Paso 0
BOTTOM OF THE 6TH
El Paso Texans batting - Pitching for Savannah Hogs : LHP Ricardo Rosário
Batting: RHB Marvin Johnson 0-0: Swinging Strike
0-1: Foul Ball, location: 2F
0-2: Ball
1-2: Ball
2-2: Strikes out swinging
Batting: RHB José Murillo 0-0: Called Strike
0-1: Called Strike
0-2: SINGLE (Line Drive, 6D)
Batting: LHB John Fitzgerald 0-0: Ball
1-0: Foul Ball, location: 2F
1-1: Foul Ball, location: 2F
1-2: Ball
2-2: Strikes out swinging
Pitching: RHP Ramón Alaniz
Batting: RHB Javier Álvarez 0-0: Called Strike
0-1: SINGLE (Flyball, 8RS)
José Murillo to second
Runner from 2nd tries for 3rd, SAFE, throw made to third
Batting: RHB Andrew O'Dell 0-0: Swinging Strike
0-1: Foul Ball, location: 2F
0-2: Ball
1-2: Ball
2-2: Fielders Choice at 2nd, 5-4 (Groundball, 56)
Bottom of the 6th over - 0 run(s), 2 hit(s), 0 error(s), 1 left on base; Savannah 1 - El Paso 0
TOP OF THE 7TH
Savannah Hogs batting - Pitching for El Paso Texans : RHP Fernando Guzmán
Batting: RHB Jorge Chávez 0-0: Called Strike
0-1: Ball
1-1: Foul Ball, location: 2F
1-2: Foul Ball, location: 2F
1-2: Ball
2-2: Ground out U3 (Groundball, 3S)
Batting: LHB Marv Gardner 0-0: SINGLE (Flyball, 9S)
Batting: LHB Miguel Medellín 0-0: Fly out, F5 (Popup, 5L)
Batting: LHB Guillermo Santos 0-0: Ball
1-0: Fly out, F6 (Popup, 56D)
Top of the 7th over - 0 run(s), 1 hit(s), 0 error(s), 1 left on base; Savannah 1 - El Paso 0
BOTTOM OF THE 7TH
El Paso Texans batting - Pitching for Savannah Hogs : RHP Ramón Alaniz
Batting: RHB Gabriel Santana 0-0: Called Strike
0-1: Ball
1-1: Swinging Strike
1-2: Strikes out swinging
Batting: SHB Miguel Hurtado 0-0: Called Strike
0-1: Foul Ball, location: 2F
0-2: Ball
1-2: Fly out, F6 (Popup, 6MD)
Pitching: LHP Kees Asmus
Batting: LHB Mark Spencer 0-0: Ground out 6-3 (Groundball, 6)
Bottom of the 7th over - 0 run(s), 0 hit(s), 0 error(s), 0 left on base; Savannah 1 - El Paso 0
TOP OF THE 8TH
Savannah Hogs batting - Pitching for El Paso Texans : RHP Fernando Guzmán
Pitching: RHP Firmino Orsi
Batting: LHB Marv Alexander 0-0: Ball
1-0: Ball
2-0: Called Strike
2-1: Ground out 4-3 (Groundball, 4)
Batting: RHB Jorge Garza 0-0: Ball
1-0: Ball
2-0: Foul Ball, location: 2F
2-1: Ball
3-1: Base on Balls
Batting: RHB Marlon Hernández 0-0: Called Strike
0-1: Ball
1-1: Swinging Strike
1-2: Ball
2-2: Ball
Jorge Garza steals 2nd base
3-2: Intentional Walk
Batting: RHB Henry Haines 0-0: Fielders Choice at 2nd, 3-6 (Groundball, 34)
Jorge Garza to third
Pinch Hitting: RHB Orlando Márquez 0-0: Swinging Strike
0-1: Swinging Strike
0-2: Strikes out swinging
Top of the 8th over - 0 run(s), 0 hit(s), 0 error(s), 2 left on base; Savannah 1 - El Paso 0
BOTTOM OF THE 8TH
El Paso Texans batting - Pitching for Savannah Hogs : LHP Kees Asmus
Pitching: RHP Manuel Silva
Now at 2B: Juan Chávez
Now at 3B: Luis González
Batting: RHB Cole Boehmer 0-0: Foul Ball, location: 2F
0-1: Swinging Strike
0-2: Strikes out swinging
Pitching: RHP Gabriel Castillo
Batting: RHB Marvin Johnson 0-0: Ball
1-0: Ball
2-0: Called Strike
2-1: Ball
3-1: Base on Balls
Batting: RHB José Murillo 0-0: SINGLE (Groundball, 56D)
Marvin Johnson to second
Pitching: LHP Alan Baca
Pinch Hitting: RHB John Wilson 0-0: Called Strike
0-1: Ball
1-1: Ball
2-1: Grounds into double play, 6-4-3 (Groundball, 6)
Bottom of the 8th over - 0 run(s), 1 hit(s), 0 error(s), 1 left on base; Savannah 1 - El Paso 0
TOP OF THE 9TH
Savannah Hogs batting - Pitching for El Paso Texans : RHP Firmino Orsi
Pitching: RHP Cliff Wolfe
Now at 1B: Cipriano Rangel
Batting: RHB Jorge Chávez 0-0: Ball
1-0: Reached on error, E3 (Groundball, 34)
Batting: LHB Marv Gardner 0-0: Ball
1-0: Sac Bunt - play at first, batter OUT! 5-4
Jorge Chávez to second
Batting: LHB Miguel Medellín 0-0: Ball
1-0: Ball
2-0: Ball
3-0: Called Strike
3-1: SINGLE (Groundball, 25) (infield hit)
Jorge Chávez to third
Batting: LHB Guillermo Santos 0-0: Ball
Wild Pitch!
Jorge Chávez scores
Miguel Medellín to second
1-0: Intentional Walk
Batting: LHB Marv Alexander 0-0: Ball
1-0: Called Strike
1-1: Called Strike
Miguel Medellín is caught stealing 3rd base
Guillermo Santos to second
1-2: Ball
2-2: Ball
3-2: Foul Ball, location: 2F
3-2: Foul Ball, location: 2F
3-2: Foul Ball, location: 2F
3-2: SINGLE (Groundball, 3S) (infield hit)
Guillermo Santos to third
Pinch Hitting: RHB Miguel Cervantes 0-0: Foul Ball, location: 2F
0-1: Ball
1-1: Called Strike
1-2: Strikes out swinging
Top of the 9th over - 1 run(s), 2 hit(s), 1 error(s), 2 left on base; Savannah 2 - El Paso 0
BOTTOM OF THE 9TH
El Paso Texans batting - Pitching for Savannah Hogs : LHP Alan Baca
Pitching: RHP José Gonzáles
Now at 1B: Ernesto Gómez
Now at SS: Ramón Gómez
Batting: RHB Javier Álvarez 0-0: Called Strike
0-1: Ball
1-1: Fly out, F8 (Flyball, 8RM)
Batting: RHB Andrew O'Dell 0-0: Called Strike
0-1: Swinging Strike
0-2: Foul Ball, location: 2F
0-2: Strikes out looking
Batting: RHB Gabriel Santana 0-0: Foul Ball, location: 2F
0-1: Ball
1-1: Called Strike
1-2: Ball
2-2: Ball
3-2: Strikes out swinging
Bottom of the 9th over - 0 run(s), 0 hit(s), 0 error(s), 0 left on base; Savannah 2 - El Paso 0
Tuesday, August 8th, 2017 - OOTP Baseball 17.12 Build 75